 Dungeon Crawl Stone Soup version 0.18.1-50-g88ac8fd (webtiles) character file.

28394 nikopol the Cleaver (level 13, -3/117 HPs)
             Began as a Minotaur Berserker on Oct 16, 2016.
             Was the Champion of Trog.
             Slain by a harpy (11 damage)
             ... summoned by Kirke
             ... on level 6 of the Lair of Beasts.
             The game lasted 00:52:44 (14669 turns).

nikopol the Cleaver (Minotaur Berserker)           Turns: 14669, Time: 00:52:45

Health: -3/117     AC: 13    Str: 23    XL:     13   Next: 9%
Magic:  4/4        EV: 16    Int:  4    God:    Trog [******]
Gold:   1080       SH:  0    Dex: 14    Spells: 0 memorised, 12 levels left

rFire  . . .     SeeInvis .     a - +3 battleaxe (antimagic)
rCold  . . .     Gourm    .     m - +0 scale mail
rNeg   . . .     Faith    .     (shield currently unavailable)
rPois  .         Spirit   .     (helmet restricted)
rElec  .         Dismiss  .     G - +2 cloak
rCorr  .         Reflect  .     o - +0 pair of gloves
SustAt .         Harm     .     (no boots)
MR     .....                    A - amulet of regeneration
Stlth  ..........               (no ring)
                                (no ring)

@: not resistant to hostile enchantments, extremely unstealthy
A: retaliatory headbutt, horns 2
a: Berserk, Trog's Hand, Brothers in Arms, Burn Spellbooks, Renounce Religion


You were on level 6 of the Lair of Beasts.
You worshipped Trog.
Trog was exalted by your worship.
You were not hungry.

You visited 2 branches of the dungeon, and saw 17 of its levels.
You visited the Abyss 1 time.
You also visited: Sewer.

You collected 1080 gold pieces.

Inventory:

Hand Weapons
 a - a +3 antimagic battleaxe (weapon)
 j - a +0 shortbow
 z - a +2 longbow of flaming
Missiles
 F - 268 arrows (quivered)
Armour
 m - a +0 scale mail (worn)
 o - a +0 pair of gloves (worn)
 G - a +2 cloak (worn)
Jewellery
 i - a +3 ring of intelligence {unknown}
 y - an uncursed ring of flight {unknown}
 A - an amulet of regeneration (around neck)
 C - an uncursed ring of stealth {unknown}
Scrolls
 b - 2 scrolls of enchant weapon {unknown}
 d - 4 scrolls of teleportation
 f - a scroll of fear {unknown}
 q - 3 scrolls of identify
 s - 2 scrolls of recharging
 t - 3 scrolls of random uselessness {unknown}
 v - 7 scrolls of remove curse
 B - 3 scrolls of immolation {unknown}
 H - a scroll of enchant armour {unknown}
 P - 2 scrolls of magic mapping {unknown}
 R - 2 scrolls of blinking
Potions
 e - a potion of magic
 g - 3 potions of cure mutation {unknown}
 h - 2 potions of resistance
 k - 2 potions of might
 l - 2 potions of brilliance
 n - 2 potions of berserk rage
 r - 4 potions of invisibility
 u - 3 potions of haste
 w - 10 potions of curing
 x - 2 potions of ambrosia {unknown}
 D - 3 potions of flight
 E - 2 potions of heal wounds
 K - 2 potions of cancellation
 L - a potion of agility {unknown}
 S - a potion of degeneration {unknown}
Comestibles
 c - 8 bread rations
 p - 11 beef jerkies
 I - 3 slices of pizza
 J - 4 meat rations
 M - 2 chunks of flesh
 N - 4 fruits
 O - 9 royal jellies


   Skills:
 + Level 11.6 Fighting
 * Level 14.2 Axes
 * Level 11.7 Bows
 + Level 10.7 Armour
 + Level 10.0 Dodging


You had 12 spell levels left.
You didn't know any spells.

Dungeon Overview and Level Annotations

Branches:
Dungeon (11/15)            Temple (0/1) D:6            Lair (6/8) D:11
 Spider (0/4) Lair:3
  Swamp: Lair:3-6    Shoals: Lair:3-6     Slime: Lair:6-8       Orc: D:9-12

Altars:
Cheibriados
Elyvilon
Okawaru
Pakellas
Qazlal
Ru
Yredelemnul
Beogh

Annotations:
Lair:1 Sonja
Lair:6 Kirke


Innate Abilities, Weirdness & Mutations

You reflexively headbutt those who attack you in melee.
You have a pair of horns on your head.


Message History

Something hits you but does no damage.
You are too injured to fight recklessly!
You are too injured to fight recklessly!
You hit the harpy. Your headbutt misses the harpy.
The harpy is severely wounded.
You slash the plant!
The plant is heavily damaged.
You closely miss the harpy.
The harpy is heavily wounded.
You hit the plant.
The plant is almost destroyed.
You slice something!! You slash the plant!
The plant is lightly damaged.
The harpy claws you!
* * * LOW HITPOINT WARNING * * *
The harpy misses you. The harpy closely misses you.
The harpy claws you but does no damage. The harpy closely misses you.
The harpy claws you but does no damage. The harpy misses you.
The harpy claws you!
You die...

♣....##...##....P.P.
.
##...................
.
#..†.................
#......#...#.........
#...#.#####.......#P.
# ##....##
##....#.###
###.#......##
##....###
#.......HP#.###.....#
##...P..H@....##...##
##..≈≈≈PHP........#
#P.≈≈≈≈♣♣.♣♣♣.P...#
#P..≈♣♣≈≈♣..♣♣.PP..#
##...
♣♣≈†%♣♣...PP...# ##..
♣≈≈[.♣♣.P#####.# ..
♣.≈≈≈≈♣♣...# # ##
♣.P♣.≈≈♣♣.♣.
♣..♣♣♣≈.♣♣..


You could see 3 harpies.

Vanquished Creatures
  Snorg (Lair:5)
  2 hydras
  A hill giant (D:11)
  A cyclops (D:11)
  2 centaur zombies
  An apocalypse crab (Abyss:2)
  6 black mambas
  Joseph (D:9)
  3 spiny frogs
  A gargoyle (D:10)
  A kobold demonologist (D:11)
  A torpor snail (Lair:5)
  4 rime drakes
  10 komodo dragons
  A freezing wraith (Abyss:2)
  A polar bear (Lair:3)
  A troll (D:11)
  A two-headed ogre (D:7)
  5 blink frogs (Lair:5)
  Prince Ribbit (D:6)
  A wyvern (D:10)
  4 hogs (Lair:6)
  18 yaks
  The ghost of shugdite the Slasher, an amateur MiFi (D:3)
  A chaos spawn (Abyss:2)
  5 hippogriffs
  A hungry ghost (D:11)
  A steam dragon (Lair:6)
  A neqoxec (Abyss:2)
  Menkaure (D:6)
  A mottled dragon (Lair:6)
  2 small abominations (Abyss:2)
  4 water moccasins
  2 soldier ants (D:10)
  9 porcupines
  A swamp drake (Lair:6)
  3 ice beasts
  4 orc warriors
  A sky beast (D:9)
  A wasp (D:8)
  A necrophage (D:5)
  6 ogres
  6 centaurs
  3 phantoms
  11 wolves
  4 crocodiles
  3 big kobolds
  13 giant frogs
  A gnoll sergeant (D:6)
  3 scorpions
  9 wights
  3 killer bees (D:11)
  2 electric eels
  A howler monkey (D:8)
  4 crimson imps
  5 jellies
  A giant frog zombie (D:7)
  8 orc priests
  2 quasits
  A gnoll shaman (D:5)
  A giant frog skeleton (D:5)
  8 hounds
  3 centaur skeletons
  8 iguanas
  6 orc wizards
  8 worker ants
  25 sheep
  A hound zombie (D:11)
  3 hound skeletons
  A worker ant zombie (D:11)
  17 gnolls
  55 river rats
  8 adders
  3 shadow imps
  An ufetubus (Abyss:2)
  An adder zombie (D:7)
  An adder skeleton (D:4)
  4 worms
  6 dart slugs
  5 giant geckos
  35 orcs
  5 ball pythons
  9 giant cockroaches
  6 goblins
  6 hobgoblins
  15 jackals
  8 quokkas
  10 bats
  6 giant newts
  22 kobolds
  16 rats
  12 fungi
  8 plants
517 creatures vanquished.

Vanquished Creatures (others)
  9 fungi
  3 plants (D:11)
12 creatures vanquished.

Grand Total: 529 creatures vanquished

Notes
Turn   | Place    | Note
--------------------------------------------------------------
     0 | D:1      | nikopol the Minotaur Berserker began the quest for the Orb.
     0 | D:1      | Reached XP level 1. HP: 19/19 MP: 0/0
    89 | D:1      | Reached XP level 2. HP: 23/27 MP: 1/1
   667 | D:1      | Reached skill level 4 in Axes
   786 | D:1      | Reached ** piety under Trog
   847 | D:1      | Reached XP level 3. HP: 33/33 MP: 2/2
  1156 | D:2      | Found a sacrificial altar of Ru.
  1715 | D:2      | Reached XP level 4. HP: 41/41 MP: 3/3
  1878 | D:3      | Reached *** piety under Trog
  1889 | D:3      | Found a stormy altar of Qazlal.
  2038 | D:3      | Found a snail-covered altar of Cheibriados.
  2144 | D:3      | Noticed shugdite's ghost (amateur MiFi)
  2151 | D:3      | Killed shugdite's ghost
  2151 | D:3      | Reached skill level 5 in Fighting
  2151 | D:3      | Reached skill level 5 in Axes
  2151 | D:3      | Reached XP level 5. HP: 48/48 MP: 4/4
  2299 | D:4      | Reached XP level 6. HP: 56/56 MP: 5/5
  2636 | D:4      | Reached skill level 5 in Armour
  2636 | D:4      | Reached XP level 7. HP: 62/62 MP: 6/6
  2720 | D:4      | Reached **** piety under Trog
  2741 | D:4      | Found a glowing drain.
  2748 | Sewer    | Entered a sewer
  2854 | Sewer    | Found a white marble altar of Elyvilon.
  3218 | D:5      | Entered Level 5 of the Dungeon
  3222 | D:5      | Reached skill level 6 in Axes
  3298 | D:5      | Reached skill level 5 in Dodging
  3537 | D:5      | Found a runed door.
  3538 | D:5      | Found an iron altar of Okawaru.
  3544 | D:5      | Reached XP level 8. HP: 66/71 MP: 7/7
  3864 | D:5      | Reached skill level 7 in Axes
  4078 | D:5      | Reached skill level 1 in Bows
  4175 | D:5      | Reached ***** piety under Trog
  4571 | D:5      | Found a roughly hewn altar of Beogh.
  4636 | D:5      | Reached skill level 8 in Axes
  4717 | D:6      | Noticed Menkaure
  4728 | D:6      | Killed Menkaure
  4767 | D:6      | Found a staircase to the Ecumenical Temple.
  4933 | D:6      | Reached XP level 9. HP: 73/79 MP: 8/8
  5403 | D:6      | Noticed Prince Ribbit
  5417 | D:6      | Killed Prince Ribbit
  5417 | D:6      | Reached skill level 9 in Axes
  5537 | D:6      | Found a white marble altar of Elyvilon.
  5904 | D:7      | Received a gift from Trog
  6073 | D:7      | Reached skill level 5 in Bows
  6397 | D:8      | Found an oddly glowing altar of Pakellas.
  7209 | D:9      | Noticed Joseph
  7232 | D:9      | Killed Joseph
  7232 | D:9      | Reached skill level 10 in Axes
  7232 | D:9      | Reached XP level 10. HP: 66/90 MP: 6/9
  7794 | D:10     | Entered Level 10 of the Dungeon
  7931 | D:10     | Found a basalt altar of Yredelemnul.
  8310 | D:10     | Noticed a gargoyle
  8321 | D:10     | Killed a gargoyle
  8649 | D:10     | Reached skill level 11 in Axes
  8902 | D:11     | Noticed a hill giant
  8911 | D:11     | Killed a hill giant
  8970 | D:11     | Noticed a cyclops
  8982 | D:11     | Received a gift from Trog
  8983 | D:11     | Killed a cyclops
  8983 | D:11     | Reached XP level 11. HP: 66/97 MP: 3/10
  9218 | D:11     | Found a staircase to the Lair.
  9840 | Lair:1   | Entered Level 1 of the Lair of Beasts
 10309 | Lair:1   | Noticed Sonja
 10350 | Lair:1   | Cast into level 2 of the Abyss (Sonja)
 10459 | Abyss:2  | Reached skill level 12 in Axes
 10475 | Abyss:2  | Reached skill level 10 in Fighting
 10578 | Lair:1   | Escaped the Abyss
 11277 | Lair:2   | Received a gift from Trog
 11384 | Lair:2   | Noticed a seven-headed hydra
 11397 | Lair:2   | Killed an 11-headed hydra
 11477 | Lair:2   | Reached skill level 10 in Bows
 11602 | Lair:2   | Reached XP level 12. HP: 102/108 MP: 3/11
 11811 | Lair:2   | Received a gift from Trog
 11849 | Lair:2   | Reached ****** piety under Trog
 12358 | Lair:3   | Reached skill level 13 in Axes
 12358 | Lair:3   | Reached skill level 10 in Armour
 12465 | Lair:3   | Received a gift from Trog
 12661 | Lair:3   | Found a hole to the Spider Nest.
 13464 | Lair:4   | You fall through a shaft for 2 floors!
 13558 | Lair:5   | Received a gift from Trog
 14017 | Lair:5   | Found a runed door.
 14169 | Lair:5   | Reached skill level 14 in Axes
 14412 | Lair:5   | Noticed a four-headed hydra
 14417 | Lair:5   | Noticed Snorg
 14426 | Lair:5   | Killed an eight-headed hydra
 14430 | Lair:5   | Killed Snorg
 14430 | Lair:5   | Reached XP level 13. HP: 76/116 MP: 4/12
 14641 | Lair:6   | Noticed Kirke
 14656 | Lair:6   | Reached skill level 10 in Dodging
 14669 | Lair:6   | Slain by a harpy

Skill      XL: |  1  2  3  4  5  6  7  8  9 10 11 12 13 |
---------------+----------------------------------------+-----
Fighting       | 4 5 6 7 8 9 10 11 | 11.6
Axes           | 4 5 6 8 10 11 12 14 | 14.2
Armour         | 3 4 5 6 7 8 9 10 | 10.7
Dodging        | 3 4 5 6 7 8 9 10 | 10.0
Bows           | 3 5 8 10 11 | 11.7

Action                   |  1- 3 |  4- 6 |  7- 9 | 10-12 | 13-15 || total
-------------------------+-------+-------+-------+-------+-------++-------
Melee: Hand axe          |    86 |    81 |   282 |       |       ||   449
       Headbutt          |    13 |    18 |    67 |    87 |     6 ||   191
       Battleaxe         |       |       |    40 |   433 |    26 ||   499
 Fire: Shortbow          |       |       |   198 |   351 |       ||   549
       Longbow           |       |       |       |   125 |    13 ||   138
Invok: Berserk           |       |     1 |     4 |     4 |       ||     9
       Burn Spellbooks   |       |     1 |       |     2 |       ||     3
  Use: Scroll            |       |     7 |     1 |    11 |       ||    19
  Eat: Chunk             |     2 |     5 |    18 |    28 |     2 ||    55
Armor: Animal skin       |     4 |       |       |       |       ||     4
       Ring mail         |    21 |       |       |       |       ||    21
       Scale mail        |     3 |    27 |   128 |   190 |    31 ||   379
Dodge: Dodged            |    64 |    51 |   228 |   379 |    46 ||   768
